 Dungeon Crawl Stone Soup version 0.31-a0-185-g9dded2c639 (webtiles) character file.

Game seed: 6735289436262758892

7 qw the Shooter (level 1, -1/12 HPs)
             Began as a Deep Elf Hunter on June 22, 2023.
             Slain by a jackal (3 damage)
             ... on level 1 of the Dungeon.
             The game lasted 00:00:04 (80 turns).

qw the Shooter (Deep Elf Hunter)                      Turns: 80, Time: 00:00:04

Health: -1/12      AC:  3    Str:  8    XL:     1   Next: 91%
Magic:  3/3        EV: 12    Int: 13    God:
Gold:   33         SH:  0    Dex: 18    Spells: 0/0 levels left

rFire   . . .        a - +0 shortbow
rCold   . . .        (shield currently unavailable)
rNeg    . . .        c - +0 leather armour
rPois   .            (no helmet)
rElec   .            (no cloak)
rCorr   .            (no gloves)
SInv    .            (no boots)
Will    .....        (no amulet)
Stlth   ++           (no ring)
HPRegen 0.22/turn    (no ring)
MPRegen 0.08/turn

%: no passive effects
@: no status effects
A: no striking features
a: no special abilities


You were on level 1 of the Dungeon.
You visited 1 branch of the dungeon, and saw 1 of its levels.

You collected 33 gold pieces.


   Skills:
 - Level 1.5 Fighting
 + Level 5.9 Ranged Weapons
 - Level 2.4 Dodging
 - Level 1.2 Stealth


You couldn't memorise any spells.
You didn't know any spells.
Your spell library was empty.

Inventory:

Hand Weapons
 a - a +0 shortbow (weapon)
Armour
 c - a +0 leather armour (worn)
Jewellery
 d - an amulet of magic regeneration
Scrolls
 b - a scroll of butterflies

Dungeon Overview and Level Annotations

Branches:
Dungeon (1/15)

Altars:


Message History

You shoot an arrow. The arrow hits the endoplasm.
You kill the endoplasm!
d - an amulet of magic regeneration You now have 33 gold pieces (gained 9).
An endoplasm comes into view.
The endoplasm quivers.
Enter note: You shoot an arrow.
The arrow hits the endoplasm!
You kill the endoplasm!
A kobold comes into view. It is wielding a +0 dagger.
Found a curved runed staff.
The kobold shouts!
You hear a bark!
Enter note: You shoot an arrow.
The arrow hits the kobold.
You kill the kobold!
A jackal comes into view.
You shoot an arrow. The arrow closely misses the jackal.
The jackal barks!
A jackal comes into view.
You shoot an arrow. The arrow barely misses the jackal.
The arrow closely misses the jackal.
The jackal barks!
You shoot an arrow. The arrow hits the jackal.
The jackal is heavily wounded.
You shoot an arrow.
The arrow hits the jackal but does no damage.
The jackal is moderately wounded.
The jackal closely misses you.
You shoot an arrow. The arrow hits the jackal.
The jackal is severely wounded.
The jackal bites you.
You shoot an arrow.
The arrow hits the jackal but does no damage.
The jackal bites you.
You shoot an arrow.
The arrow hits the jackal but does no damage.
The jackal bites you. x2; The jackal closely misses you.
You shoot an arrow. The arrow barely misses the jackal.
The jackal bites you.
You die...

######## ### #......#
######...
###......#####......###.
.....................?..
.##......###............
.##..........#........#.
.##.....................
.........#####......#...
................@.....#
#.........####..hh......
###.#####.# ##.........
P##... .# #....$...|
P##.#.# .# #.........
##..#.# #......... .+.##
. ........). ##
.......... P#


You could see 2 jackals.

Vanquished Creatures
  A bat (D:1)
  3 endoplasms (D:1)
  A kobold (D:1)
  A frilled lizard (D:1)
6 creatures vanquished.

Notes
Turn   | Place    | Note
-------+----------+-------------------------------------------
     0 | D:1      | qw the Deep Elf Hunter began the quest for the Orb.
     0 | D:1      | Reached XP level 1. HP: 12/12 MP: 3/3
     0 | D:1      | 0 ||| qw: Version: 0.3-a-9-g12657ce
     0 | D:1      | 0 ||| qw: Game counter: 1658
     0 | D:1      | 0 ||| qw: Always use a shield: true
     0 | D:1      | 0 ||| qw: God list: Okawaru
     0 | D:1      | 0 ||| qw: Allow faded altars: false
     0 | D:1      | 0 ||| qw: Do Orc after D:15 true
     0 | D:1      | 0 ||| qw: Do second Lair branch before Depths: true
     0 | D:1      | 0 ||| qw: Lair rune preference: random
     0 | D:1      | 0 ||| qw: Plans: Normal
     0 | D:1      | 0 ||| PLANNING D:1-11
    79 | D:1      | HP: 2/12 [jackal (3)]
    80 | D:1      | Slain by a jackal

Levels and vault maps discovered:
D:1:      psy_arrival_terrarium, layout_rooms

Action                     || total
---------------------------++-------
   Fire: Shortbow          ||    20
  Dodge: Dodged            ||     3

Table legend:
 A = Non-vault XP
 B = Vault XP
 C = Vault XP percentage of total XP
 D = Non-vault monster count
 E = Vault monster count
 F = Vault count percentage of total count
                 A         B        C        D         E       F
            +---------+---------+-------+---------+---------+-------
      Total |      11 |       0 |   0.0 |       6 |       0 |   0.0
            +---------+---------+-------+---------+---------+-------
        D:1 |      11 |       0 |   0.0 |       6 |       0 |   0.0
            +---------+---------+-------+---------+---------+-------
